 Dungeon Crawl Stone Soup version 0.16-a0-296-gbdb9f68 (webtiles) character file.

178 Kashira the Gusty (level 5, -1/28 HPs)
             Began as a Tengu Air Elementalist on Aug 29, 2014.
             Slain by an orc
             ... wielding a +0 flail
              (7 damage)
             ... on Level 4 of the Dungeon.
             The game lasted 00:16:37 (3988 turns).

Kashira the Gusty (Tengu Air Elementalist)          Turns: 3988, Time: 00:16:38

HP  -1/28        AC  2     Str  8      XL: 5   Next: 58%
MP   5/13        EV 13     Int 16      God:
Gold 221         SH  0     Dex 15      Spells:  3 memorised,  5 levels left

rFire  . . .     SeeInvis .     g - -1 dagger (curse)
rCold  . . .     Clarity  .     a - +0 robe
rNeg   . . .     rCorr    .     (no shield)
rPois  .         rRot     .     (helmet restricted)
rElec  .         Spirit   .     (no cloak)
SustAb .         Warding  .     (no gloves)
rMut   .         Stasis   .     (boots unavailable)
Gourm  .                        (no amulet)
MR     .....                    (no ring)
                                (no ring)

@: not resistant to hostile enchantments, unstealthy
A: able to fly, beak, talons 3
a: Fly


You were on level 4 of the Dungeon.
You were hungry.

You visited 1 branch of the dungeon, and saw 4 of its levels.

You collected 221 gold pieces.

Inventory:

Hand weapons
 g - a cursed -1 dagger (weapon)
 h - a +0 short sword
Missiles
 r - 5 tomahawks (quivered)
Armour
 a - a +0 robe (worn)
Magical devices
 j - a wand of frost (24) {unknown}
Comestibles
 c - a bread ration
 d - 2 meat rations
 l - a rotting chunk of jackal flesh
 o - a royal jelly
Scrolls
 f - a scroll of amnesia
 p - a scroll of enchant weapon {unknown}
Potions
 e - a potion of beneficial mutation {unknown}
 i - 2 potions of curing {unknown}
 k - 2 potions of restore abilities {unknown}
 m - 2 potions of cancellation
 n - a potion of brilliance {unknown}
 q - a potion of heal wounds {unknown}
 s - a potion of might {unknown}
Books
 b - a book of Air

   Spells                             Type                      Level
   *Shock                             Conjuration/Air              1
   *Swiftness                         Charms/Air                   2
   *Repel Missiles                    Charms/Air                   2
   Flight                             Charms/Air                   3
   Static Discharge                   Conjuration/Air              3
   Lightning Bolt                     Conjuration/Air              5


   Skills:
 + Level 0.2 Fighting
 + Level 0.4 Throwing
 + Level 2.6 Dodging
 + Level 2.3 Stealth
 + Level 3.2 Spellcasting
 + Level 3.8 Conjurations
 + Level 5.3 Air Magic


You had 5 spell levels left.
You knew the following spells:

 Your Spells              Type           Power        Failure   Level  Hunger
a - Shock                 Conj/Air       ###.         3%          1    None
b - Repel Missiles        Chrm/Air       ##....       12%         2    ##.....
c - Swiftness             Chrm/Air       ##......     12%         2    ##.....


Dungeon Overview and Level Annotations

Branches:
Dungeon (4/15)             Temple (0/1) D:4

Altars:


Innate Abilities, Weirdness & Mutations

You can fly.
You have a beak for a mouth.
You have claws for feet.


Message History

Press: ? - help, Shift-Dir - straight line, f/p - orc
Aim: an orc, wielding a glowing war axe and wearing a scale mail (lightly wounded)
The zap hits the orc.
The orc appears unharmed.
The orc is lightly wounded.
The orc barely misses you. The orc closely misses you.
Casting: Shock
Confirm with . or Enter, or press ? or * to list all spells.
Aiming: Shock
Press: ? - help, Shift-Dir - straight line, f/p - orc
Aim: an orc, wielding a glowing war axe and wearing a scale mail (lightly wounded)
The zap hits the orc.
The orc is severely wounded.
The orc barely misses you. x2
Casting: Shock
Confirm with . or Enter, or press ? or * to list all spells.
Aiming: Shock
Press: ? - help, Shift-Dir - straight line, f/p - orc
Aim: an orc, wielding a glowing war axe and wearing a scale mail (severely wounded)
The zap misses the orc.
The orc hits you with a flail!
You die...

.)..)...###
..........#########........
#...........>..............$.
#.........................
#.........................
#.........................
#.........................
#.......o.................
#.......o@................
#.........................
#.................#####...
#................## #.
#..########.....## #..# .$
#....## #### ....##....#
.>..#.....# ....#....##


You could see 2 orcs.

Vanquished Creatures
  A troll skeleton (D:3)
  An orc wizard (D:4)
  An adder (D:2)
  A giant mite (D:1)
  2 worms
  2 giant geckos
  6 orcs
  8 hobgoblins
  12 jackals
  12 kobolds
  A quokka (D:2)
  2 ball pythons
  7 bats
  A giant cockroach (D:2)
  2 giant newts (D:1)
  11 goblins
  3 rats
73 creatures vanquished.

Notes
Turn   | Place    | Note
--------------------------------------------------------------
     0 | D:1      | Kashira, the Tengu Air Elementalist, began the quest for the Orb.
     0 | D:1      | Reached XP level 1. HP: 10/10 MP: 3/3
   551 | D:1      | Reached XP level 2. HP: 15/15 MP: 0/5
  1096 | D:1      | Reached XP level 3. HP: 19/19 MP: 1/7
  1799 | D:2      | Learned a level 2 spell: Repel Missiles
  1802 | D:2      | Learned a level 2 spell: Swiftness
  2146 | D:2      | Reached XP level 4. HP: 15/24 MP: 0/9
  2374 | D:2      | Reached skill level 5 in Air Magic
  3425 | D:3      | Reached XP level 5. HP: 18/28 MP: 6/13
  3908 | D:4      | Found a staircase to the Ecumenical Temple.
  3988 | D:4      | Slain by an orc

Action                   |  1- 3 |  4- 6 || total
-------------------------+-------+-------++-------
Melee: Club              |    10 |     4 ||    14
       Unarmed           |     2 |       ||     2
       Dagger            |       |     5 ||     5
Throw: Stone             |     2 |     2 ||     4
       Tomahawk          |       |    10 ||    10
 Cast: Shock             |    86 |    96 ||   182
  Use: Scroll            |     2 |     7 ||     9
  Eat: Chunk             |     5 |     1 ||     6
       Bread ration      |       |     1 ||     1
